 Dungeon Crawl Stone Soup version 0.23.0 (webtiles) character file.

Game seed: 15669132215189922381

618 blaro the Chopper (level 7, -2/61 HPs)
             Began as a Minotaur Fighter on Feb 15, 2019.
             Slain by a black bear (4 damage)
             ... on level 7 of the Dungeon.
             The game lasted 00:12:38 (2261 turns).

blaro the Chopper (Minotaur Fighter)                Turns: 2261, Time: 00:12:41

Health: -2/61      AC:  7    Str: 22    XL:     7   Next: 21%
Magic:  6/6        EV:  8    Int:  5    God:
Gold:   219        SH: 10    Dex: 10    Spells: 6/6 levels left

rFire    . . .     SeeInvis .   a - +0 war axe
rCold    . . .     Gourm    .   c - +0 shield
rNeg     . . .     Faith    .   b - +0 scale mail
rPois    .         Spirit   .   (helmet restricted)
rElec    .         Reflect  .   (no cloak)
rCorr    .         Harm     .   (no gloves)
MR       .....                  (no boots)
Stlth    ..........             (no amulet)
HPRegen  0.20/turn              (no ring)
MPRegen  0.10/turn              (no ring)

@: no status effects
A: retaliatory headbutt, horns 2
a: no special abilities


You were on level 7 of the Dungeon.
You were not hungry.

You visited 1 branch of the dungeon, and saw 6 of its levels.

You collected 219 gold pieces.

Inventory:

Hand Weapons
 a - a +0 war axe (weapon)
Missiles
 r - 2 throwing nets (quivered)
 v - 11 poisoned needles
Armour
 b - a +0 scale mail (worn)
 c - a +0 shield (worn)
 e - a +0 helmet
 h - a +0 scale mail
 j - a +0 shield
 l - a +0 chain mail
Jewellery
 x - an uncursed amulet of the gourmand {unknown}
Scrolls
 g - a scroll of enchant armour {unknown}
 k - 6 scrolls of remove curse {unknown}
 m - a scroll of fog {unknown}
 t - a scroll of noise {unknown}
 u - a scroll of magic mapping {unknown}
 y - a scroll of vulnerability {unknown}
Potions
 d - a potion of might
 i - a potion of agility {unknown}
 n - 2 potions of curing {unknown}
 o - a potion of ambrosia {unknown}
 p - 2 potions of brilliance {unknown}
 q - a potion of heal wounds {unknown}
 s - 2 potions of degeneration {unknown}
 w - a potion of lignification {unknown}
Comestibles
 f - 4 rations


   Skills:
 + Level 5.0 Fighting
 + Level 6.7 Axes
 + Level 5.4 Armour
 + Level 1.7 Dodging
 + Level 5.1 Shields


You had 6 spell levels left.
You didn't know any spells.
Your spell library was empty.

Dungeon Overview and Level Annotations

Branches:
Dungeon (7/15)
 Temple: D:4-7

Altars:
Fedhas


Innate Abilities, Weirdness & Mutations

You reflexively headbutt those who attack you in melee.
You have a pair of horns on your head.


Message History

The centaur shoots an arrow.
The arrow hits you.
You see here an arrow.
An iguana comes into view.
The iguana hisses angrily.
The centaur shoots an arrow.
The arrow hits you.
* * * LOW HITPOINT WARNING * * *
The iguana hisses menacingly.
You see here an arrow.
The centaur shoots an arrow.
You block the arrow.
The black bear bites you but does no damage.
You block the black bear's attack. The black bear barely misses you.
The centaur shoots an arrow.
The arrow barely misses you.
You see here an arrow.
You hit the black bear but do no damage.
The black bear bites you but does no damage.
You block the black bear's attack. x2; The centaur shoots an arrow.
The arrow hits you!
* * * LOW HITPOINT WARNING * * *
The black bear closely misses you. The black bear claws you.
You die...

#...# #.... #..#.#
# ..c..## ..##l#..#
. ...)....#####..
####...h.......
.......@...#
#####..(...#
##.(...#
###########
##(.(.###...>.##...
#.....#...........
#...............(.
#....#...>........
######............
#..........>.


You could see a black bear, a centaur and an iguana.

Vanquished Creatures
  A sky beast (D:6)
  An ogre (D:4)
  A gnoll sergeant (D:6)
  2 hounds
  An orc priest (D:3)
  An orc wizard (D:3)
  A bullfrog skeleton (D:4)
  4 worker ants
  3 gnolls (D:6)
  6 adders
  A worm (D:3)
  2 leopard geckos
  8 orcs
  5 bats
  3 giant cockroaches
  3 goblins (D:1)
  4 hobgoblins
  4 jackals (D:2)
  2 quokkas
  A ball python (D:3)
  A frilled lizard (D:3)
  A jackal skeleton (D:6)
  A kobold (D:2)
  7 rats
64 creatures vanquished.

Notes
Turn   | Place    | Note
-------+----------+-------------------------------------------
     0 | D:1      | blaro the Minotaur Fighter began the quest for the Orb.
     0 | D:1      | Reached XP level 1. HP: 19/19 MP: 0/0
   479 | D:2      | Reached XP level 2. HP: 27/27 MP: 1/1
   769 | D:3      | Reached XP level 3. HP: 33/33 MP: 2/2
   774 | D:3      | Reached skill level 3 in Axes
   869 | D:3      | Reached XP level 4. HP: 36/40 MP: 3/3
   872 | D:3      | Reached skill level 4 in Axes
   872 | D:3      | Reached skill level 1 in Dodging
   890 | D:3      | Reached XP level 5. HP: 39/47 MP: 4/4
  1185 | D:4      | Reached skill level 5 in Axes
  1457 | D:4      | Noticed an ogre
  1461 | D:4      | Killed an ogre
  1461 | D:4      | Reached XP level 6. HP: 53/53 MP: 5/5
  1543 | D:4      | Reached skill level 5 in Armour
  1582 | D:4      | You fall through a shaft for 2 floors!
  1632 | D:6      | Reached skill level 6 in Axes
  1632 | D:6      | Reached skill level 5 in Shields
  1819 | D:6      | Found a blossoming altar of Fedhas.
  1973 | D:6      | Noticed a sky beast
  1990 | D:6      | Killed a sky beast
  1990 | D:6      | Reached skill level 5 in Fighting
  1990 | D:6      | Reached XP level 7. HP: 31/61 MP: 6/6
  2261 | D:7      | HP: 2/61 [centaur/arrow (15)]
  2261 | D:7      | Slain by a black bear

Skill      XL: |  1  2  3  4  5  6 |
---------------+-------------------+-----
Armour         | 4 5 |  5.4
Shields        | 4 5 |  5.1
Fighting       | 4 5 |  5.0
Axes           | 3 4 5 6 |  6.7
Dodging        | 1 |  1.7

Action                   |  1- 3 |  4- 6 |  7- 9 || total
-------------------------+-------+-------+-------++-------
Melee: War axe           |    72 |    85 |     6 ||   163
       Headbutt          |     6 |    12 |     1 ||    19
  Eat: Ration            |       |     1 |     1 ||     2
Armor: Scale mail        |    48 |    34 |     3 ||    85
Dodge: Dodged            |    29 |    30 |     4 ||    63
Block: Shield            |    62 |    44 |    11 ||   117
